 Dungeon Crawl Stone Soup version 0.21.1-1-g345015f (webtiles) character file.

2302 inc the Destroyer (level 9, 0/51 HPs)
             Began as an Octopode Conjurer on June 8, 2018.
             Was an Initiate of Gozag.
             Slain by a killer bee (1 damage)
             ... on level 7 of the Dungeon.
             The game lasted 00:16:31 (7545 turns).

inc the Destroyer (Octopode Conjurer)               Turns: 7545, Time: 00:16:33

Health: 0/51       AC:  1    Str:  7    XL:     9   Next: 40%
Magic:  13/17      EV: 13    Int: 20    God:    Gozag
Gold:   668        SH:  0    Dex: 13    Spells: 13/19 levels left

rFire    + . .     SeeInvis .   r - +0 dagger (speed)
rCold    + . .     Gourm    .   (no shield)
rNeg     . . .     Faith    .   (helmet restricted)
rPois    .         Spirit   .   l - amulet of regeneration
rElec    .         Reflect  .   d - ring of protection from cold
rCorr    .         Harm     .   i - ring of protection from fire
MR       .....                  A - ring of flight
Stlth    +++.......             (no ring)
HPRegen  0.57/turn              (no ring)
MPRegen  0.15/turn              (no ring)
                                (no ring)
                                (no ring)

@: lethally poisoned (0 -> 0), invisible
A: almost no armour, stealthy swim, amphibious, 8 rings, constrict 8, camouflage
1, gelatinous body 1
a: Potion Petition, Call Merchant, Bribe Branch, Renounce Religion, Evoke Flight


You were on level 7 of the Dungeon.
You worshipped Gozag.
Gozag was pleased with you.
You were not hungry.

You visited 2 branches of the dungeon, and saw 9 of its levels.
You also visited: Ossuary.

You collected 721 gold pieces.
You paid 53 gold pieces to Gozag.

Inventory:

Hand Weapons
 h - a +2 dagger of draining
 r - a +0 dagger of speed (weapon)
Jewellery
 d - a ring of protection from cold (left tentacle)
 i - a ring of protection from fire (right tentacle)
 l - an amulet of regeneration (around mantle)
 A - a ring of flight (on tentacle)
Wands
 o - a wand of iceblast (6)
 q - a wand of polymorph (17)
 y - a wand of flame (26)
 z - a wand of paralysis (13)
Scrolls
 e - a scroll of magic mapping
 g - a scroll of teleportation
 m - 4 scrolls of random uselessness
 p - a scroll of identify
 t - a scroll of noise {unknown}
 u - 2 scrolls of remove curse
 C - a scroll of brand weapon {unknown}
Potions
 c - 2 potions of cancellation
 f - a potion of haste
 j - 2 potions of brilliance
 n - 2 potions of curing
 s - 2 potions of resistance
 v - a potion of mutation {unknown}
 x - 3 potions of degeneration
Books
 a - a book of Conjurations

   Spells                             Type                      Level
   a - Magic Dart                     Conjuration                  1
   b - Searing Ray                    Conjuration                  2
   c - Dazzling Spray                 Conjuration/Hexes            3
   d - Fulminant Prism                Conjuration/Hexes            4
   e - Force Lance                    Conjuration/Translocation    4
   f - Iskenderun's Mystic Blast      Conjuration                  4
 B - a book of Air

   Spells                             Type                      Level
   a - Shock                          Conjuration/Air              1
   b - Swiftness                      Charms/Air                   2
   c - Static Discharge               Conjuration/Air              3
   d - Airstrike                      Air                          4
   e - Lightning Bolt                 Conjuration/Air              5
Comestibles
 b - 8 rations


   Skills:
 - Level 2.0 Dodging
 - Level 2.6 Stealth
 + Level 5.8 Spellcasting
 - Level 11.3 Conjurations


You had 13 spell levels left.
You knew the following spells:

 Your Spells              Type           Power        Failure   Level  Hunger
a - Magic Dart            Conj           ####         1%          1    None
b - Searing Ray           Conj           ######       1%          2    None
c - Dazzling Spray        Conj/Hex       ####..       3%          3    ##.....


Dungeon Overview and Level Annotations

Branches:
Dungeon (8/15)             Temple (1/1) D:5
   Lair: D:8-11

Altars:
Ashenzari
Cheibriados
Dithmenos
Elyvilon
Fedhas
Gozag
Hepliaklqana
Kikubaaqudgha
Makhleb
Nemelex Xobeh
Okawaru
Qazlal
Ru
Sif Muna
Trog
Uskayaw
Vehumet
Wu Jian
Xom
Yredelemnul
Zin
The Shining One

Annotations:
D:1 1 runed door
D:2 1 runed door
D:4 nicolaieve's ghost, amateur DECj
D:5 Iko's ghost, weakling MiFE
D:6 tidbits's ghost, amateur GnEn


Innate Abilities, Weirdness & Mutations

You cannot wear most types of armour.
You are very stealthy in the water. (Stealth+)
You are amphibious.
You can wear up to eight rings at the same time.
You can use your tentacles to constrict eight enemies at once.
Your skin changes colour to match your surroundings (Stealth+).
Your rubbery body absorbs attacks. (AC +1, EV +1)


Message History

You feel much better.
You feel sick. The killer bee stings you.
* * * LOW HITPOINT WARNING * * *
The killer bee stings you.
* * * LOW HITPOINT WARNING * * *
You are more poisoned.
The killer bee poisons you! The killer bee closely misses you. x2
You feel better. The killer bee stings you!
* * * LOW HITPOINT WARNING * * *
You are poisoned.
The killer bee poisons you! The killer bee misses you.
The killer bee barely misses you. The killer bee stings you.
* * * LOW HITPOINT WARNING * * *
Okay, then.
It was a potion of invisibility.
You fade into invisibility!
* * * LOW HITPOINT WARNING * * *
You feel sick. The killer bee misses you. The killer bee barely misses you.
The killer bee stings you.
You die...
Your body crumbles into a pile of gold.

##......##
##........##
#..........#
#..........#
#..........#
#..........# ######
#.........># .#...##
##........## ......##
#..@.......# ...(...#
#.y.y......# .......#
#..........# .......#
#..........# ......##
#..........# .#....#
###........##
###...###
#.........##
##....#####.###.#####
## #.##.#..........#


You could see 2 killer bees.

Vanquished Creatures
  Sigmund (D:6)
  Eustachio (D:5)
  4 sky beasts
  3 ogres
  A black bear (D:5)
  A centaur (D:7)
  2 bullfrogs (D:7)
  2 howler monkeys
  A centaur zombie (Ossuary)
  3 hounds
  A jelly (D:6)
  A bullfrog skeleton (D:4)
  8 orc priests
  8 orc wizards
  Ijyb (D:3)
  2 worker ants (D:4)
  3 big kobold zombies (Ossuary)
  A hound zombie (D:6)
  6 mummies (Ossuary)
  8 adders
  A shadow imp (D:5)
  4 worms (D:3)
  3 dart slugs (D:2)
  2 leopard geckos
  21 orcs
  2 ball pythons (D:2)
  A giant cockroach (D:2)
  4 goblins
  7 hobgoblins
  6 jackals
  4 kobolds
  2 quokkas (D:3)
  7 bats
  5 frilled lizards
  5 hobgoblin zombies (Ossuary)
  A jackal skeleton (D:4)
  A leopard gecko zombie (D:5)
  A quokka zombie (D:7)
  5 rats
140 creatures vanquished.

Notes
Turn   | Place    | Note
-------+----------+-------------------------------------------
     0 | D:1      | inc the Octopode Conjurer began the quest for the Orb.
     0 | D:1      | Reached XP level 1. HP: 11/11 MP: 3/3
     1 | D:1      | Found a runed door.
     1 | D:1      | Noticed a jelly
   629 | D:2      | Reached XP level 2. HP: 17/17 MP: 1/5
   921 | D:2      | Reached XP level 3. HP: 19/21 MP: 3/7
  1448 | D:2      | Found a runed door.
  1651 | D:3      | Reached XP level 4. HP: 27/27 MP: 5/9
  2077 | D:3      | Noticed Ijyb
  2113 | D:3      | Killed Ijyb
  2113 | D:3      | Reached XP level 5. HP: 31/31 MP: 6/11
  2168 | D:3      | Learned a level 2 spell: Searing Ray
  2270 | D:4      | Reached skill level 5 in Spellcasting
  2347 | D:4      | Found a sand-covered staircase.
  2352 | Ossuary  | Entered an ossuary
  2685 | Ossuary  | Reached XP level 6. HP: 29/36 MP: 1/13
  2720 | Ossuary  | Reached skill level 5 in Conjurations
  3095 | D:5      | Entered Level 5 of the Dungeon
  3095 | D:5      | Noticed Eustachio
  3123 | D:4      | Noticed nicolaieve's ghost (amateur DECj)
  3286 | D:5      | Learned a level 3 spell: Dazzling Spray
  3302 | D:5      | Found a stormy altar of Qazlal.
  3338 | D:5      | Reached skill level 6 in Conjurations
  3457 | D:5      | Found a staircase to the Ecumenical Temple.
  3472 | D:5      | Reached XP level 7. HP: 39/41 MP: 4/14
  3543 | Temple   | Entered the Ecumenical Temple
  3576 | Temple   | Became a worshipper of Gozag Ym Sagoz the Greedy
  3642 | D:5      | Found a shadowy altar of Dithmenos.
  3704 | D:5      | Killed Eustachio
  3704 | D:5      | Reached skill level 7 in Conjurations
  4084 | D:3      | Reached skill level 8 in Conjurations
  4447 | D:4      | Reached XP level 8. HP: 40/46 MP: 7/15
  5225 | D:5      | Reached skill level 9 in Conjurations
  5515 | D:5      | Noticed Iko's ghost (weakling MiFE)
  6001 | D:6      | Reached skill level 10 in Conjurations
  6117 | D:6      | Noticed tidbits's ghost (amateur GnEn)
  6202 | D:6      | Noticed Sigmund
  6356 | D:6      | Killed Sigmund
  6356 | D:6      | Reached XP level 9. HP: 46/51 MP: 11/16
  6569 | D:6      | Reached skill level 11 in Conjurations
  6902 | D:7      | Found a sparkling altar of Nemelex Xobeh.
  7196 | D:7      | HP: 1/51 [centaur (4)]
  7544 | D:7      | HP: 2/51 [killer bee (4)]
  7545 | D:7      | Slain by a killer bee

Skill      XL: |  1  2  3  4  5  6  7  8  9 |
---------------+----------------------------+-----
Spellcasting   | 3 4 5 |  5.8
Conjurations   | 6 8 10 11 | 11.3
Dodging        | |  2.0
Stealth        | |  2.6

Action                   |  1- 3 |  4- 6 |  7- 9 || total
-------------------------+-------+-------+-------++-------
Melee: Unarmed           |     6 |       |       ||     6
       Constrict         |     3 |     7 |     5 ||    15
       Tentacles         |     2 |     3 |     5 ||    10
       Dagger            |     3 |    57 |    27 ||    87
 Cast: Magic Dart        |    62 |   104 |   122 ||   288
       Searing Ray       |       |    14 |    45 ||    59
  Use: Scroll            |     2 |     5 |     7 ||    14
       Potion            |       |     1 |     4 ||     5
 Stab: Distracted        |       |       |     1 ||     1
       Sleeping          |       |       |     1 ||     1
  Eat: Chunk             |     2 |     2 |     1 ||     5
       Ration            |       |     1 |     4 ||     5
Armor: Skin              |       |   102 |     5 ||   107
Dodge: Dodged            |     7 |    45 |    73 ||   125
